 Dungeon Crawl Stone Soup version 0.23.2-1-ga50397a6bc (webtiles) character file.

Game seed: 1976407970271372528

433 Mrkan the Archer (level 6, -1/53 HPs)
             Began as a Centaur Hunter on May 22, 2019.
             Slain by a gnoll (5 damage)
             ... on level 3 of the Dungeon on May 23, 2019.
             The game lasted 00:10:04 (4258 turns).

Mrkan the Archer (Centaur Hunter)                   Turns: 4258, Time: 00:10:05

Health: -1/53      AC: 10    Str: 15    XL:     6   Next: 67%
Magic:  6/6        EV:  4    Int: 13    God:
Gold:   200        SH:  0    Dex: 11    Spells: 5/5 levels left

rFire    . . .     SeeInvis .   l - +0 spear (flame)
rCold    . . .     Gourm    .   (no shield)
rNeg     . . .     Faith    .   j - +0 chain mail
rPois    .         Spirit   .   m - +2 helmet {Int+3}
rElec    .         Reflect  .   (no cloak)
rCorr    .         Harm     .   (no gloves)
MR       .....                  (no barding)
Stlth    ..........             (no amulet)
HPRegen  0.17/turn              (no ring)
MPRegen  0.10/turn              (no ring)

@: very quick
A: large, hooves 3, deformed body, speed 2, tough skin 3
a: no special abilities


You were on level 3 of the Dungeon.
You were not hungry.

You visited 1 branch of the dungeon, and saw 3 of its levels.

You collected 200 gold pieces.

Inventory:

Hand Weapons
 a - a +1 shortbow
 b - a +0 short sword
 l - a +0 spear of flaming (weapon)
 o - a +0 trident
Missiles
 d - 62 arrows
Armour
 c - a +0 leather armour
 j - a +0 chain mail (worn)
 m - a +2 helmet of intelligence (worn)
Scrolls
 h - 2 scrolls of noise
 i - a scroll of teleportation
 k - a scroll of remove curse
 p - a scroll of identify
Potions
 e - a potion of lignification
 g - a potion of heal wounds {unknown}
 n - a potion of agility {unknown}
Comestibles
 f - 7 rations
 q - 4 chunks of flesh


   Skills:
 + Level 4.3 Fighting
 * Level 9.2 Bows
 - Level 1.3 Dodging
 - Level 0.4 Stealth


You had 5 spell levels left.
You didn't know any spells.
Your spell library was empty.

Dungeon Overview and Level Annotations

Branches:
Dungeon (3/15)

Altars:
Ashenzari
Gozag
Kikubaaqudgha


Innate Abilities, Weirdness & Mutations

You have hooves in place of feet.
Armour fits poorly on your strangely shaped body.
You cover ground very quickly.
You have extremely tough skin. (AC +3)


Message History

The gnoll shouts!
Things that are here:
a +0 halberd; a gnoll skeleton The gnoll hits you but does no damage.
There is a huge open gate here.
You hit the gnoll. You burn the gnoll. You kick the gnoll!
The gnoll is severely wounded.
The gnoll hits you but does no damage.
You hit the gnoll. You burn the gnoll.
You kill the gnoll!
You hit the gnoll. You burn the gnoll.
The gnoll is moderately wounded.
The gnoll hits you. The gnoll hits you but does no damage.
You barely miss the gnoll. Your kick misses the gnoll.
The gnoll is moderately wounded.
A gnoll comes into view. It is wielding a +0 flail.
The gnoll hits you from afar with a +0 halberd!
* * * LOW HITPOINT WARNING * * *
The gnoll hits you.
You die...

#)# #)### #.# #.).#
####.############.#.#############
......................)..........
≈≈≈≈≈≈≈≈≈≈≈≈≈≈≈≈....≈≈≈≈≈≈≈≈≈≈≈≈≈
≈≈≈≈≈≈≈≈≈≈≈≈≈≈≈≈....≈≈≈≈≈≈≈≈≈≈≈≈≈
####≈≈≈≈≈≈≈≈≈≈≈≈....≈≈≈≈≈≈≈≈≈≈≈≈#
.g.#............g.........$.....#
...#############@'''#############
##g# #.......#.)).#....... # .#.g
#.......#g...#....... g .#
#.ggg...g.)))'g...... .#
#'##################' .#
#..gg...# .# #.ggg..O. .#
#........ .# ........#


You could see 4 gnolls.

Vanquished Creatures
  An orc wizard (D:2)
  Jessica (D:2)
  25 gnolls
  2 adders (D:2)
  3 worms
  2 dart slugs
  2 leopard geckos
  10 orcs
  4 giant cockroaches
  9 hobgoblins
  16 jackals
  5 bats
  2 frilled lizards (D:2)
  7 goblins
  7 kobolds
  10 rats
106 creatures vanquished.

Notes
Turn   | Place    | Note
-------+----------+-------------------------------------------
     0 | D:1      | Mrkan the Centaur Hunter began the quest for the Orb.
     0 | D:1      | Reached XP level 1. HP: 17/17 MP: 1/1
   109 | D:1      | Reached XP level 2. HP: 17/24 MP: 2/2
   460 | D:1      | Reached skill level 6 in Bows
   883 | D:1      | Reached XP level 3. HP: 26/30 MP: 3/3
  1498 | D:2      | Found an opulent altar of Gozag.
  1664 | D:2      | Noticed Jessica
  1673 | D:2      | Killed Jessica
  1673 | D:2      | Reached XP level 4. HP: 38/38 MP: 4/4
  1709 | D:2      | Reached skill level 7 in Bows
  2396 | D:2      | Reached XP level 5. HP: 32/45 MP: 5/5
  2676 | D:3      | Found an ancient bone altar of Kikubaaqudgha.
  2835 | D:3      | Found a shattered altar of Ashenzari.
  2934 | D:3      | Reached skill level 8 in Bows
  3133 | D:3      | HP: 2/46 [gnoll/+0 whip (2)]
  3604 | D:3      | Reached XP level 6. HP: 29/52 MP: 6/6
  4013 | D:3      | Reached skill level 9 in Bows
  4258 | D:3      | Slain by a gnoll

Skill      XL: |  1  2  3  4  5  6 |
---------------+-------------------+-----
Bows           | 6 7 8 9 |  9.2
Fighting       | 3 4 |  4.3
Dodging        | |  1.3
Stealth        | |  0.4

Action                   |  1- 3 |  4- 6 || total
-------------------------+-------+-------++-------
Melee: Short sword       |   141 |    39 ||   180
       Kick              |    29 |    65 ||    94
       Trident           |       |   126 ||   126
       Spear             |       |    48 ||    48
 Fire: Shortbow          |     7 |    60 ||    67
  Use: Potion            |     1 |     1 ||     2
       Scroll            |       |     4 ||     4
  Eat: Chunk             |     1 |     5 ||     6
       Ration            |       |     1 ||     1
Armor: Leather armour    |     7 |       ||     7
       Chain mail        |    94 |   144 ||   238
       Skin              |       |    29 ||    29
Dodge: Dodged            |    43 |    62 ||   105
